 Dungeon Crawl Stone Soup version 0.17-a0-1-g1f4be75 (console) character file.

55 Fusha the Grave Robber (level 3, -1/19 HPs)
             Began as a Gargoyle Necromancer on Mar 8, 2015.
             Slain by a worm (7 damage)
             ... on level 2 of the Dungeon.
             The game lasted 00:05:02 (1320 turns).

Fusha the Grave Robber (Gargoyle Necromancer)       Turns: 1320, Time: 00:05:02

Health: -1/19      AC:  6    Str: 11    XL:     3   Next: 93%
Magic:  0/6        EV: 11    Int: 16    God:
Gold:   54         SH:  0    Dex: 10    Spells: 2 memorised, 5 levels left

rFire  . . .     SeeInvis .     d - +4 short sword (vamp)
rCold  . . .     Clarity  .     f - +0 leather armour (curse)
rNeg   + . .     SustAb   .     (no shield)
rPois  ∞         Gourm    .     (no helmet)
rElec  +         Spirit   .     (no cloak)
rCorr  .         Warding  .     (no gloves)
rMut   .         Stasis   .     (no boots)
MR     .....                    (no amulet)
Stlth  ++........               (no ring)
                                (no ring)

@: not resistant to hostile enchantments, unstealthy
A: negative energy resistance 1, electricity resistance, unbreathing,
petrification resistance, rot immunity, AC +3
a: no special abilities


You were on level 2 of the Dungeon.
You were not hungry.

You visited 1 branch of the dungeon, and saw 2 of its levels.

You collected 54 gold pieces.

Inventory:

Hand weapons
 d - a +4 vampiric short sword (weapon)
Armour
 a - a +0 robe
 f - a cursed +0 leather armour (worn)
Scrolls
 j - a scroll of fog {unknown}
 k - 2 scrolls of immolation {unknown}
 m - a scroll of remove curse {unknown}
 n - a scroll of fear {unknown}
 o - a scroll of random uselessness {unknown}
 q - a scroll of magic mapping {unknown}
Potions
 e - a potion of curing {unknown}
 g - a potion of heal wounds {unknown}
 h - a potion of haste {unknown}
 i - 2 potions of mutation {unknown}
Books
 b - a book of Necromancy

   Spells                             Type                      Level
   a - Pain                           Necromancy                   1
   b - Animate Skeleton               Necromancy                   1
   c - Vampiric Draining              Necromancy                   3
   d - Regeneration                   Charms/Necromancy            3
   e - Animate Dead                   Necromancy                   4
   f - Control Undead                 Necromancy                   4
Comestibles
 c - a slice of pizza
 l - 4 bread rations
 p - a meat ration


   Skills:
 + Level 0.2 Fighting
 + Level 0.5 Short Blades
 + Level 1.7 Dodging
 + Level 2.4 Stealth
 + Level 2.5 Spellcasting
 + Level 3.9 Necromancy


You had 5 spell levels left.
You knew the following spells:

 Your Spells              Type           Power        Failure   Level  Hunger
a - Pain                  Necr           ##..         6%          1    #......
b - Animate Skeleton      Necr           N/A          6%          1    #......


Dungeon Overview and Level Annotations

Branches:
Dungeon (2/15)

Altars:
Cheibriados
Xom


Innate Abilities, Weirdness & Mutations

You are resistant to torment.
You are immune to poison.
Your stone body is very resilient (AC +3).
You resist negative energy.
You are resistant to electric shocks.
You can survive without breathing.
You are immune to petrification.
You are immune to rotting.


Message History

Confirm with . or Enter, or press ? or * to list all spells.
Aiming: Pain
Press: ? - help, Shift-Dir - straight line, f/p - worm
Aim: a worm (heavily wounded, chance 79%)
The worm convulses in agony!
The worm misses you.
Casting: Pain
Confirm with . or Enter, or press ? or * to list all spells.
Aiming: Pain
Press: ? - help, Shift-Dir - straight line, f/p - worm
Aim: a worm (severely wounded, chance 79%)
The worm convulses in agony!
Casting: Pain
Confirm with . or Enter, or press ? or * to list all spells.
Aiming: Pain
Press: ? - help, Shift-Dir - straight line, f/p - worm
Aim: a worm (almost dead, chance 79%)
The worm barely resists.
The worm bites you!
You die...

#....# ##)#.#
##....####...#
#............##
#.............#
#######....)[....#..#
#........#.......#..#
#.......w#...)...#....
#........#w.(....#.....
#........#@......# ...
#........#.......# .
#........#.......#
###........#.......#
#..........'.....#....
#..........#########..#
#..........# #.
#.....####.. #......
....


You could see a worm.

Vanquished Creatures
  2 adders (D:2)
  A worm (D:2)
  3 giant geckos (D:1)
  3 giant cockroaches
  3 goblins
  7 hobgoblins
  2 kobolds
  2 bats (D:1)
  2 giant newts (D:1)
  3 rats (D:1)
28 creatures vanquished.

Notes
Turn   | Place    | Note
--------------------------------------------------------------
     0 | D:1      | Fusha, the Gargoyle Necromancer, began the quest for the Orb.
     0 | D:1      | Reached XP level 1. HP: 10/10 MP: 3/3
    63 | D:1      | Reached XP level 2. HP: 13/15 MP: 0/4
   219 | D:1      | Found a snail-covered altar of Cheibriados.
   431 | D:1      | Learned a level 1 spell: Animate Skeleton
   447 | D:1      | Reached XP level 3. HP: 19/19 MP: 4/6
   853 | D:2      | Found a shimmering altar of Xom.
  1320 | D:2      | Slain by a worm

Action                   || total
-------------------------++-------
Melee: Short sword       ||    41
 Cast: Pain              ||    43
  Eat: Bread ration      ||     1
       Beef jerky        ||     1
